Map: Automaton LE

Players

Odin

  • Race: Protoss Protoss
  • Spawn Location: 3:00

A.I. 1 (Elite) - Winner!

  • Race: Terran Terran
  • Spawn Location: 9:00

VOD

Have the link to the VOD?

Description

Time

  • Played on: Dec. 19, 2018, 9:32 a.m.
  • Length: 21:00
Show
View Real Time Build Order
Export as new Build Order

Odin Protoss 

Build Orders:  

Get SALT Encoding   

  12  0:03  Probe  
  13  0:17  Probe  
  13  0:19  Pylon  
  14  0:39  Gateway  
  14  0:42  Assimilator  
  14  0:43  Probe  
  15  0:59  Probe  
  16  1:26  Probe  
  16  1:30  Assimilator  
  16  1:32  Gateway  
  17  1:34  Probe  
  17  1:36  Cybernetics Core  
  18  1:44  Probe  
  19  1:56  Probe  
  20  2:02  Warp Gate, Pylon  
  20  2:08  Probe  
  21  2:20  Probe  
  22  2:32  Adept x2, Probe  
  27  2:43  Pylon  
  27  2:44  Probe  
  28  3:01  Nexus  
  28  3:21  Stargate  
  28  3:23  Stargate  
  28  3:31  Probe  
  28  3:32  Assimilator  
  29  3:37  Assimilator  
  29  3:43  Probe  
  30  3:52  Probe  
  31  4:03  Pylon  
  31  4:19  Probe x2  
  31  4:20  Oracle x2  
  39  4:26  Adept x2  
  39  4:29  Probe  
  39  4:30  Probe  
  43  4:38  Probe  
  46  4:49  Twilight Council  
  46  4:54  Probe  
  46  4:55  Probe  
  48  5:02  Gateway x2  
  48  5:05  Forge  
  48  5:07  Pylon  
  48  5:12  Forge  
  48  5:23  Oracle  
  48  5:26  Oracle  
  48  5:27  Probe  
  54  5:29  Probe  
  56  5:38  Charge  
  56  5:54  Gateway  
  56  5:57  Gateway, Probe x2  
  56  6:01  Stalker  
  60  6:04  Stalker  
  62  6:22  Pylon x2  
  62  6:37  Templar Archives  
  62  6:40  Probe x2  
  64  6:52  Probe x2  
  66  7:18  Psionic Storm  
  66  7:26  Zealot x6  
  66  7:28  Protoss Ground Weapons Level 1, Protoss Ground Armor Level 1  
  78  7:44  Pylon  
  78  7:46  Pylon  
  78  7:48  Nexus  
  78  7:50  Assimilator  
  78  8:01  Pylon  
  78  8:02  Probe x2, Pylon  
  80  8:06  High Templar x2  
  80  8:07  High Templar x2  
  80  8:11  High Templar x2  
  92  8:14  Probe x2  
  92  8:17  Gateway  
  92  8:18  Gateway  
  94  8:26  Probe x2  
  96  8:38  Probe  
  97  8:42  Probe  
  98  8:56  Pylon  
  98  8:59  Pylon  
  98  9:04  Zealot x6  
  85  9:24  Zealot x6  
  62  9:32  Archon  
  58  9:38  Zealot x2  
  58  9:44  Zealot x6  
  70  9:59  Zealot x2  
  74  10:04  Probe x2  
  74  10:05  Probe  
  72  10:12  Probe  
  72  10:13  High Templar x2  
  72  10:14  High Templar x4  
  88  10:25  Assimilator  
  88  10:28  Pylon  
  88  10:32  Gateway  
  88  10:33  Gateway  
  88  10:35  Gateway  
  88  10:37  Gateway  
  88  10:40  Robotics Facility  
  88  10:41  Robotics Facility  
  88  10:47  Zealot x5  
  98  10:50  Probe x2  
  98  10:51  Probe  
  101  11:02  High Templar x3  
  107  11:07  High Templar  
  109  11:27  Probe x3  
  112  11:39  Probe x2  
  110  11:54  Stalker x10  
  108  11:55  Stalker x2  
  108  12:00  Immortal  
  132  12:03  Immortal  
  136  12:22  Probe x3  
  139  12:23  Nexus  
  139  12:27  Assimilator  
  139  12:28  Protoss Ground Weapons Level 2  
  139  12:31  Assimilator  
  139  12:33  Pylon  
  139  12:34  Probe x2  
  141  12:51  Probe x3  
  141  12:57  Stalker x2  
  148  13:03  Probe  
  148  13:04  Blink  
  148  13:05  Nexus  
  149  13:13  Pylon x2  
  149  13:15  Pylon  
  149  13:31  Probe x2  
  151  13:34  Probe  
  152  13:43  Probe x2  
  152  13:44  Stalker  
  152  13:45  Stalker x7  
  170  13:52  Immortal x2  
  178  14:00  Fleet Beacon  
  178  14:06  Probe x3  
  178  14:07  Probe  
  127  14:32  Archon  
  103  14:45  Stalker x2  
  105  14:46  Stalker x4  
  105  14:47  Stalker x2  
  119  14:59  High Templar x2  
  117  15:02  Probe x3  
  117  15:03  Probe x2  
  122  15:11  Carrier  
  122  15:12  Carrier  
  134  15:15  Zealot x7  
  134  15:16  Zealot x2  
  134  15:19  Gateway  
  152  15:23  Gateway  
  152  15:24  Gateway  
  152  15:27  Pylon  
  152  15:28  Pylon  
  152  15:29  Protoss Ground Weapons Level 3  
  152  15:31  Pylon  
  152  15:32  Protoss Ground Armor Level 2  
  152  15:55  High Templar x4  
  160  15:58  High Templar x2  
  160  15:59  High Templar x2  
  168  16:06  Nexus  
  168  16:10  Assimilator  
  168  16:14  Assimilator  
  168  16:16  Pylon  
  168  16:19  Pylon  
  168  16:24  Carrier  
  174  16:36  Observer x2  
  163  16:44  Nexus  
  149  17:13  Pylon  
  149  17:14  Zealot  
  149  17:15  Zealot x7  
  165  17:17  Pylon  
  165  17:19  Pylon  
  165  17:27  Probe x3  
  168  17:33  High Templar  
  168  17:36  Zealot x2  
  174  17:39  Probe x3  
  174  17:43  Carrier  
  174  17:44  Carrier  
  189  17:45  Stalker x4  
  196  18:08  Probe x2  
  196  18:09  Probe x2  
  200  18:26  Pylon  
  200  18:32  Pylon  
  200  18:33  Photon Cannon, Pylon  
  200  18:34  Photon Cannon  
  200  18:35  Photon Cannon  
  200  18:37  Photon Cannon  
  200  18:38  Shield Battery, Pylon  
  200  18:39  Shield Battery  
  200  18:41  Shield Battery  
  200  18:42  Shield Battery  
  200  19:09  Photon Cannon  
  200  19:10  Photon Cannon  
  200  19:12  Photon Cannon  
  200  19:14  Photon Cannon  
  200  19:17  Assimilator x2  
  200  19:19  Nexus  
  131  19:58  Zealot x4  
  131  19:59  Zealot x7  
  90  20:08  Observer  
  91  20:37  Photon Cannon x2  
  91  20:39  Photon Cannon  
  91  20:45  Pylon  
  91  20:48  Pylon  
  95  20:54  Zealot x2  
  95  20:55  Zealot x4  
Show
View Real Time Build Order
Export as new Build Order

A.I. 1 (Elite) Terran - Winner!

Build Orders:  

Get SALT Encoding   

  12  0:00  SCV  
  13  0:13  SCV  
  14  0:20  Supply Depot  
  14  0:25  SCV  
  15  0:41  SCV  
  16  0:46  Barracks  
  16  0:53  SCV  
  17  1:05  SCV  
  18  1:17  SCV  
  19  1:23  Command Center  
  19  1:35  Marine  
  19  1:39  Orbital Command  
  20  1:51  Supply Depot  
  20  1:53  Marine  
  21  1:56  Refinery  
  21  2:04  SCV  
  22  2:11  Marine  
  23  2:15  Barracks  
  23  2:16  SCV  
  24  2:23  Refinery  
  24  2:28  SCV  
  24  2:29  Marine  
  26  2:36  Supply Depot  
  27  2:37  SCV  
  27  2:50  Orbital Command  
  27  2:54  Marine  
  27  2:57  SCV  
  28  3:09  SCV  
  28  3:12  Factory  
  29  3:15  Marine  
  29  3:16  SCV  
  29  3:17  Marine  
  32  3:21  SCV  
  33  3:28  SCV  
  33  3:32  Marine  
  33  3:33  SCV  
  36  3:34  Marine  
  36  3:40  SCV  
  38  3:41  Barracks  
  38  3:45  SCV  
  39  3:51  Barracks Tech Lab  
  39  3:52  SCV  
  39  3:53  Barracks Tech Lab  
  40  3:57  Factory Tech Lab, SCV, Supply Depot  
  41  4:04  SCV  
  41  4:09  Marine, SCV  
  44  4:11  Marine, Stimpack  
  44  4:16  SCV, Siege Tank  
  49  4:17  Combat Shield  
  49  4:22  SCV  
  50  4:27  Marine  
  50  4:28  Marine, SCV  
  50  4:29  Marine  
  50  4:31  Supply Depot  
  54  4:34  SCV  
  55  4:38  Supply Depot  
  55  4:40  SCV  
  55  4:45  Marauder  
  58  4:46  SCV  
  58  4:47  Marauder  
  61  4:53  SCV  
  61  4:58  SCV  
  61  4:59  Refinery  
  63  5:05  SCV  
  63  5:06  Marauder  
  66  5:08  Marauder, Engineering Bay  
  66  5:10  SCV  
  69  5:16  Supply Depot  
  69  5:17  SCV  
  69  5:18  Command Center  
  70  5:28  Marauder, SCV  
  72  5:30  SCV  
  72  5:34  Marauder  
  76  5:36  Terran Infantry Weapons Level 1  
  76  5:41  SCV, Supply Depot  
  76  5:42  SCV  
  78  5:47  Barracks Reactor, Engineering Bay  
  78  5:49  Marauder  
  80  5:53  SCV  
  80  5:55  Marauder  
  80  5:56  Starport  
  83  6:02  Concussive Shells  
  83  6:06  Supply Depot  
  83  6:08  Missile Turret  
  83  6:10  Marine  
  84  6:12  Missile Turret  
  84  6:13  Terran Infantry Armor Level 1  
  84  6:16  Marauder  
  86  6:18  Barracks  
  86  6:27  Refinery  
  86  6:28  Marine  
  86  6:29  Marine  
  86  6:30  Marine  
  86  6:32  Starport Reactor, SCV, Supply Depot  
  90  6:34  SCV  
  90  6:36  SCV  
  90  6:38  Marauder  
  94  6:44  SCV  
  94  6:46  SCV  
  88  6:48  SCV  
  82  6:54  Marine  
  82  6:56  SCV  
  82  6:58  SCV  
  82  6:59  Marauder  
  82  7:00  SCV  
  77  7:08  Viking x2, SCV  
  77  7:10  SCV  
  77  7:13  SCV  
  82  7:20  SCV  
  82  7:22  Marauder, SCV  
  82  7:25  SCV  
  82  7:26  Marine  
  83  7:32  SCV  
  83  7:34  SCV  
  86  7:37  SCV  
  86  7:38  Viking, Medivac  
  90  7:44  SCV  
  90  7:46  SCV  
  90  7:49  SCV  
  93  7:56  SCV  
  94  7:58  SCV  
  94  8:01  SCV  
  96  8:08  Viking, Missile Turret, Medivac  
  96  8:09  SCV  
  96  8:11  SCV  
  102  8:13  Missile Turret, SCV  
  103  8:21  SCV  
  103  8:22  Armory  
  103  8:24  Orbital Command  
  104  8:28  SCV  
  104  8:33  SCV  
  106  8:36  Marine  
  106  8:38  Marine, Medivac  
  106  8:40  SCV  
  111  8:45  SCV, Supply Depot  
  111  8:48  Medivac  
  114  8:50  Marine  
  114  8:51  Marine  
  114  8:52  Marine, SCV  
  114  8:55  SCV  
  119  8:57  Marine, SCV  
  119  9:00  Marine  
  122  9:04  SCV  
  122  9:07  Marine  
  122  9:08  Supply Depot  
  122  9:09  SCV  
  125  9:11  Marine, Terran Infantry Weapons Level 2, SCV  
  125  9:16  Marauder, SCV  
  120  9:18  Marauder  
  120  9:19  Marine  
  120  9:21  SCV  
  120  9:23  SCV  
  115  9:25  Marine  
  115  9:28  SCV  
  115  9:29  Marine  
  110  9:33  SCV  
  110  9:35  SCV  
  110  9:37  Marauder  
  102  9:40  Marauder  
  102  9:41  SCV  
  102  9:44  Marine x2  
  107  9:45  SCV  
  107  9:47  Marine, SCV  
  107  9:51  Command Center  
  104  9:53  SCV  
  104  9:57  SCV  
  104  9:58  Marauder, Viking  
  110  10:00  Marine  
  110  10:02  Marine  
  110  10:03  Marine  
  110  10:04  Marine  
  110  10:06  Viking  
  111  10:18  Missile Turret  
  111  10:19  Marine, Marauder  
  111  10:20  Marauder  
  116  10:24  Supply Depot  
  116  10:26  Fusion Core  
  116  10:27  Marine  
  116  10:28  Marine  
  118  10:37  Marine  
  118  10:40  Marauder, Factory  
  118  10:41  Marauder  
  123  10:43  Missile Turret  
  123  10:45  Marine  
  123  10:49  Terran Infantry Armor Level 2, Supply Depot  
  124  10:50  Marine  
  124  10:55  Marine  
  126  10:57  Refinery  
  126  11:01  Marauder  
  126  11:02  Marine, Missile Turret  
  126  11:03  Marauder  
  131  11:08  Refinery  
  131  11:10  Refinery  
  131  11:14  Refinery  
  131  11:18  Planetary Fortress  
  131  11:20  Missile Turret  
  131  11:21  Missile Turret  
  131  11:23  Marauder  
  133  11:28  Terran Infantry Weapons Level 3  
  133  11:29  Command Center  
  133  11:32  Marauder, Factory Tech Lab, Starport  
  135  11:34  Armory  
  135  11:37  SCV x2  
  135  11:38  SCV  
  129  11:44  Marauder  
  131  11:49  SCV x2  
  131  11:50  SCV  
  131  11:52  Viking x2  
  131  11:53  Marauder  
  140  11:55  SCV  
  140  12:01  SCV, Supply Depot  
  140  12:04  SCV  
  140  12:05  SCV  
  140  12:06  Marauder  
  140  12:08  Viking  
  147  12:15  Marauder  
  149  12:17  Ghost Academy  
  149  12:27  Marauder, Supply Depot  
  151  12:32  Missile Turret  
  151  12:34  Missile Turret  
  151  12:36  Marauder  
  153  12:37  Missile Turret  
  153  12:38  Viking  
  153  12:39  Starport Tech Lab  
  153  12:41  Planetary Fortress  
  155  12:48  Marauder, Missile Turret  
  157  12:56  Raven  
  157  12:57  Ghost  
  161  12:59  Medivac  
  163  13:06  Missile Turret  
  163  13:09  Missile Turret, Rapid Reignition System, Terran Infantry Armor Level 3, Ghost  
  163  13:10  Viking  
  163  13:12  Barracks  
  167  13:19  Marine  
  168  13:21  Command Center  
  168  13:23  Liberator  
  168  13:25  Ghost  
  170  13:29  Viking  
  170  13:33  Marine  
  173  13:35  Marine  
  173  13:36  Marine  
  173  13:37  Ghost  
  173  13:39  Raven  
  182  13:42  Personal Cloaking, Liberator  
  182  13:51  Marine  
  182  13:53  Marine  
  182  13:54  Marine, Ghost  
  187  13:55  Missile Turret  
  187  13:59  Marine  
  191  14:06  Ghost  
  191  14:08  Marine  
  191  14:09  Terran Ship Weapons Level 1  
  194  14:11  Hi-Sec Auto Tracking  
  194  14:12  Refinery, Barracks Tech Lab  
  194  14:18  Marine x2, Refinery  
  194  14:22  Ghost, Medivac  
  194  14:23  Viking  
  161  14:26  Marine  
  161  14:29  Marine  
  138  14:33  Planetary Fortress  
  138  14:35  Marine  
  138  14:36  Marine x2  
  125  14:42  Viking, Refinery  
  125  14:44  Marine  
  125  14:46  Missile Turret  
  125  14:48  Marauder, Missile Turret  
  125  14:52  Marauder, Viking  
  122  14:53  Marine, Medivac  
  122  14:54  Marine x2  
  117  15:02  Marine  
  118  15:08  Ghost  
  118  15:09  Nuke  
  118  15:11  Marine, Marauder, Neosteel Armor  
  118  15:12  Marine, Viking  
  118  15:13  Marauder  
  128  15:20  Marine  
  129  15:22  Raven  
  129  15:23  Command Center, Medivac  
  133  15:29  Marine  
  133  15:31  Marine  
  133  15:32  Ghost  
  133  15:34  Marauder  
  139  15:37  Marine  
  139  15:38  Marauder  
  139  15:42  Medivac  
  144  15:47  Marine  
  144  15:48  Marine, Liberator  
  146  15:53  Viking  
  146  15:55  Marine  
  146  15:56  Marauder  
  151  15:59  Marauder  
  151  16:01  Marauder  
  155  16:05  Marine, Liberator  
  155  16:06  Marine  
  155  16:08  Missile Turret  
  160  16:12  Medivac  
  160  16:13  Marine  
  160  16:17  Marauder  
  165  16:19  Ghost  
  165  16:22  Marauder  
  165  16:23  Marine  
  165  16:24  Marine  
  174  16:31  Marine  
  175  16:33  SCV  
  175  16:35  Planetary Fortress  
  175  16:36  Nuke  
  175  16:38  Ghost  
  177  16:41  Marine  
  177  16:42  Viking  
  177  16:43  Marine, Ghost  
  183  16:48  Viking  
  183  16:49  Marine, Marauder  
  183  16:50  Missile Turret  
  186  17:01  Marine x2  
  186  17:04  Missile Turret  
  186  17:05  Medivac  
  186  17:06  Missile Turret  
  186  17:07  Marine, Marauder, Advanced Ballistics  
  193  17:09  Ghost  
  193  17:12  Marauder, Viking  
  199  17:18  Terran Ship Weapons Level 2  
  199  17:32  Terran Vehicle And Ship Armor Level 1  
  199  17:54  Command Center  
  199  18:03  Nuke  
  199  18:04  Marauder  
  199  18:54  Refinery  
  199  18:56  Refinery  
  199  19:05  Planetary Fortress, Refinery  
  199  19:09  Missile Turret  
  199  19:20  Marauder  
  199  19:21  SCV  
  199  19:24  SCV  
  200  19:25  SCV  
  200  19:26  SCV x3  
  200  19:27  SCV  
  200  19:35  Missile Turret  
  200  19:38  Nuke  
  200  19:39  SCV  
  200  19:41  Marauder x2  
  200  19:42  Marauder  
  200  19:44  Viking x2, SCV  
  200  19:45  Viking, SCV  
  191  19:49  Marine x2  
  191  19:50  Marine, SCV x2  
  174  19:53  SCV  
  174  19:54  Missile Turret  
  174  19:56  Liberator  
  174  19:58  Missile Turret  
  165  20:02  Marine x3  
  168  20:07  Marine x3  
  168  20:12  Missile Turret  
  171  20:14  Viking  
  174  20:15  Medivac  
  174  20:16  Missile Turret  
  174  20:19  Ghost  
  174  20:21  Marauder x2  
  184  20:25  Marine  
Tags
 
Matchup
PvT
Spawn Locations
Cross Positions
Add a new tag
Caveats
  • Supply blocks, unpowered buildings, or Contaminate may cause inaccurate times.
  • Supply counts are checked every 10 seconds.